Map: Port Aleksander LE

Players

MCanning

  • Race: Protoss Protoss
  • League: Grandmaster
  • Spawn Location: 5:00

Neeb - Winner!

  • Race: Protoss Protoss
  • League: Grandmaster
  • Spawn Location: 11:00

Event: Cheeseadelphia 8

VOD

Have the link to the VOD?

Description

Time

  • Played on: Dec. 9, 2018, 9:57 a.m.
  • Length: 9:21

All games in this series

Show
View Real Time Build Order
Export as new Build Order

MCanning Protoss 

Build Orders: Blink Stalkers 

Get SALT Encoding   

  12  0:00  Probe  
  13  0:12  Probe  
  14  0:21  Pylon  
  14  0:24  Probe  
  15  0:35  Probe  
  15  0:39  Gateway  
  16  0:43  Probe  
  16  0:49  Assimilator  
  17  0:53  Probe  
  18  0:57  Assimilator  
  18  1:05  Probe  
  18  1:11  Gateway  
  19  1:15  Probe  
  20  1:27  Probe, Cybernetics Core  
  21  1:39  Probe  
  22  1:44  Pylon  
  22  1:51  Probe  
  23  2:03  Probe  
  23  2:05  Stalker, Sentry  
  23  2:06  Warp Gate  
  28  2:14  Pylon  
  28  2:30  Twilight Council  
  28  2:33  Stalker  
  30  2:41  Stalker  
  32  3:06  Nexus  
  32  3:16  Blink  
  32  3:20  Probe  
  33  3:28  Probe  
  34  3:36  Probe  
  35  3:43  Robotics Facility  
  35  3:45  Probe  
  35  3:53  Probe  
  36  3:56  Pylon  
  36  4:01  Probe  
  38  4:12  Probe  
  38  4:13  Pylon  
  38  4:14  Adept  
  38  4:15  Adept  
  43  4:17  Probe  
  43  4:20  Probe  
  44  4:25  Probe  
  44  4:28  Probe  
  44  4:30  Observer  
  47  4:34  Probe  
  47  4:35  Sentry  
  51  4:39  Probe  
  52  4:46  Probe  
  52  4:51  Probe  
  54  4:54  Robotics Bay  
  54  4:56  Assimilator  
  54  4:57  Assimilator  
  54  4:59  Probe  
  55  5:03  Probe  
  56  5:11  Probe  
  56  5:14  Gateway  
  55  5:15  Probe  
  54  5:22  Robotics Facility  
  54  5:23  Probe  
  54  5:26  Pylon  
  54  5:27  Probe  
  54  5:28  Gateway  
  56  5:29  Disruptor  
  56  5:35  Probe  
  57  5:41  Stalker  
  62  5:43  Stalker  
  64  5:54  Pylon  
  64  5:56  Disruptor  
  64  5:58  Disruptor  
  70  6:14  Stalker x3  
  70  6:17  Probe  
  75  6:25  Nexus  
  75  6:31  Disruptor  
  75  6:32  Pylon  
  78  6:43  Disruptor  
  78  6:44  Gateway  
  81  6:49  Probe  
  82  6:57  Adept x2  
  82  6:59  Warp Prism  
  86  7:04  Probe  
  86  7:07  Probe, Shield Battery  
  90  7:13  Pylon  
  90  7:16  Stalker  
  90  7:17  Stalker  
  94  7:28  Disruptor  
  94  7:31  Probe x2, Pylon  
  94  7:33  Stalker  
  98  7:43  Probe  
  102  7:47  Stalker x2  
  102  7:52  Stalker  
  101  7:59  Stalker  
  101  8:06  Stalker  
  97  8:15  Stalker x2  
  84  8:31  Adept  
  84  8:32  Adept x2  
  66  8:44  Probe  
  47  9:05  Probe  
  47  9:06  Sentry  
Show
View Real Time Build Order
Export as new Build Order

Neeb Protoss - Winner!

Build Orders: Phoenix Opening, Blink Stalkers 

Get SALT Encoding   

  12  0:00  Probe  
  13  0:12  Probe  
  14  0:19  Pylon  
  14  0:24  Probe  
  15  0:33  Probe  
  15  0:39  Gateway  
  15  0:41  Probe  
  16  0:49  Assimilator  
  17  0:53  Probe  
  18  0:57  Assimilator  
  18  1:01  Probe  
  18  1:09  Probe  
  18  1:10  Gateway  
  20  1:19  Probe  
  21  1:27  Cybernetics Core  
  21  1:32  Probe  
  22  1:40  Pylon  
  22  1:44  Probe  
  23  1:58  Probe  
  24  2:04  Stalker, Sentry  
  24  2:05  Warp Gate  
  28  2:10  Probe  
  28  2:12  Pylon  
  29  2:27  Twilight Council  
  29  2:38  Phoenix  
  29  2:42  Stalker x2  
  33  3:02  Nexus  
  34  3:11  Blink  
  33  3:15  Probe  
  34  3:25  Probe  
  34  3:34  Probe  
  35  3:39  Pylon  
  36  3:42  Probe  
  36  3:46  Forge  
  37  3:49  Protoss Ground Weapons Level 1  
  37  3:53  Probe  
  38  4:04  Robotics Facility  
  38  4:05  Probe  
  38  4:07  Sentry  
  38  4:09  Stalker  
  43  4:11  Probe  
  43  4:14  Phoenix  
  44  4:17  Probe  
  44  4:19  Probe  
  46  4:29  Probe x2  
  48  4:39  Assimilator  
  48  4:41  Assimilator, Probe  
  48  4:42  Probe  
  50  4:49  Pylon  
  50  4:52  Immortal  
  54  4:53  Probe  
  54  4:54  Probe  
  56  5:00  Stalker  
  56  5:07  Probe  
  57  5:16  Probe  
  57  5:19  Probe  
  59  5:25  Charge, Pylon  
  59  5:28  Probe  
  60  5:30  Protoss Ground Weapons Level 2  
  60  5:32  Immortal  
  64  5:35  Probe  
  64  5:37  Pylon  
  64  5:40  Probe  
  66  5:52  Gateway  
  66  5:53  Gateway, Pylon, Phoenix  
  66  5:58  Templar Archives  
  66  6:00  Probe  
  67  6:11  Immortal  
  71  6:21  Gateway  
  71  6:22  Gateway  
  71  6:26  Gateway  
  71  6:29  Gateway  
  71  6:44  Nexus  
  71  6:50  Stargate  
  71  6:51  Observer  
  71  6:52  Stargate  
  72  7:00  Zealot x2  
  76  7:01  Probe  
  76  7:02  Probe  
  76  7:06  Pylon  
  78  7:12  Zealot x2  
  78  7:15  Pylon  
  82  7:16  Probe x2  
  84  7:28  Probe x2  
  86  7:32  Stalker x3  
  86  7:33  Phoenix  
  86  7:35  Phoenix  
  94  7:52  Phoenix  
  94  7:57  Phoenix  
  94  7:58  Zealot x2  
  99  8:10  Zealot x2  
  102  8:17  Phoenix  
  98  8:22  Phoenix  
  98  8:26  Zealot x2  
  86  8:39  Zealot x2  
  69  8:42  Zealot  
  69  8:48  Probe x2  
  67  8:53  Probe  
  69  8:56  Probe  
  69  8:59  Probe  
  71  9:05  Probe, High Templar x3  
  71  9:07  High Templar  
  81  9:11  Archon  
  81  9:12  Archon  
Tags
 
Add a new tag
Caveats
  • Supply blocks, unpowered buildings, or Contaminate may cause inaccurate times.
  • Supply counts are checked every 10 seconds.